 Dungeon Crawl Stone Soup version 0.24-a0-416-g56ce5178b7 (webtiles) character file.

Game seed: 2174381435805476545

315 yoda5477 the Grave Robber (level 6, 0/42 HPs)
             Began as a Vampire Necromancer on June 8, 2019.
             Succumbed to an adder's poison
             ... on level 4 of the Dungeon.
             The game lasted 00:31:30 (3905 turns).

yoda5477 the Grave Robber (Vampire Necromancer)     Turns: 3905, Time: 00:31:30

Health: 0/42       AC:  2    Str:  7    XL:     6   Next: 20%
Magic:  3/11       EV: 13    Int: 18    God:
Gold:   171        SH:  0    Dex: 16    Spells: 0/12 levels left

rFire    . . .     SeeInvis +   v - +3 short sword (speed)
rCold    . . .     Gourm    .   (no shield)
rNeg     . . .     Faith    .   a - +0 robe
rPois    .         Spirit   .   (no helmet)
rElec    .         Reflect  .   (no cloak)
rCorr    .         Harm     .   (no gloves)
MR       .....                  (no boots)
Stlth    +++.......             (no amulet)
HPRegen  0.34/turn              (no ring)
MPRegen  0.12/turn              (no ring)

@: lethally poisoned (0 -> 0), very slightly contaminated, regenerating quickly
A: no food, fangs 3, see invisible, unbreathing
a: Exsanguinate


You were on level 4 of the Dungeon.
You were alive.

You visited 2 branches of the dungeon, and saw 7 of its levels.

You collected 171 gold pieces.

Inventory:

Hand Weapons
 b - a +0 whip
 d - a +0 dagger
 p - a +4 dagger
 v - a +3 short sword of speed (weapon)
Missiles
 c - 124 stones (quivered)
 i - 56 sling bullets
Armour
 a - a +0 robe (worn)
 e - a +0 pair of gloves
 g - a +0 pair of gloves
 s - a +0 pair of boots
Jewellery
 n - an uncursed ring of fire
Scrolls
 j - 2 scrolls of immolation {unknown}
 m - 3 scrolls of remove curse {unknown}
 o - a scroll of random uselessness
 t - a scroll of teleportation {unknown}
 u - a scroll of identify {unknown}
Potions
 f - a potion of degeneration {unknown}
 l - 2 potions of curing {unknown}
 q - 3 potions of haste {unknown}


   Skills:
 + Level 0.5 Fighting
 + Level 1.2 Short Blades
 + Level 2.7 Dodging
 + Level 4.6 Stealth
 + Level 3.8 Spellcasting
 + Level 6.1 Necromancy


You couldn't memorise any spells.
You knew the following spells:

 Your Spells              Type           Power        Failure   Level  Hunger
a - Pain                  Necr           ####         1%          1    N/A
b - Animate Skeleton      Necr           N/A          1%          1    N/A
c - Vampiric Draining     Necr           ####......   3%          3    N/A
d - Animate Dead          Necr           N/A          12%         4    N/A
e - Regeneration          Chrm/Necr      ##........   13%         3    N/A

Your spell library contained the following spells:

 Spells                   Type           Power        Failure   Level  Hunger


Dungeon Overview and Level Annotations

Branches:
Dungeon (6/15)             Temple (1/1) D:6

Altars:
Ashenzari
Cheibriados
Dithmenos
Elyvilon
Fedhas
Gozag
Hepliaklqana
Makhleb
Nemelex Xobeh
Okawaru
Qazlal
Sif Muna
Trog
Uskayaw
Wu Jian
Xom
Yredelemnul
The Shining One

Annotations:
D:4 exclusion: orc wizard


Innate Abilities, Weirdness & Mutations

You do not eat.
Your natural rate of healing is unusually fast.
You have razor-sharp teeth.
You have supernaturally acute eyesight. (SInv)
You can survive without breathing.


Message History

Level annotation: exclusion: orc wizard Welcome back, yoda5477 the Vampire Necromancer.
Press ? for a list of commands and other information.
As you read the scroll labeled NUNIXT CUBEC, it crumbles to dust.
You assume a fearsome visage.
The phantom is unaffected.
The leopard gecko looks frightened!
The adder looks frightened!
The quokka looks frightened!
The phantom is unaffected.
It was a scroll of fear.
* * * LOW HITPOINT WARNING * * *
You feel sick. The phantom misses you.
As you read the scroll labeled YSCHAKA SYARCHU, it crumbles to dust.
It is a scroll of enchant weapon.
Your +2 short sword of speed glows red for a moment.
The phantom misses you.
Cornered, the adder turns to fight!
Blink to where?
Press: ? - help, Dir - move target cursor
As you read the scroll of blinking, it crumbles to dust.
* * * LOW HITPOINT WARNING * * *
You feel sick.
You die...

......................[..........
################.##########†##.##
##.# ########.##..# ...
....o..#.....# ###### ##.##
#..S..... ......
#.########.##...## #####.
#..W.#.....#.....# .#
#.##..#.#S##....._w.. .#
#...@.#.#.##..#.....# .#
####..#S#.##..##...## %#
#..#.#S##........ .# ####
#.##.#........h.. .# ....
#.##W#..rW..l.... .# ..o..
#.##.###.##.#### ## ...o.
#.##.%...# # .ooo..#.########
o...o...#.####


You could see a phantom.

Vanquished Creatures
  A centaur skeleton (D:4)
  An iguana (D:4)
  4 orc wizards
  A worker ant (D:3)
  3 adders
  2 worms
  2 dart slugs
  4 leopard geckos
  14 orcs
  7 giant cockroaches
  9 goblins
  3 hobgoblins
  5 jackals
  10 kobolds
  3 quokkas
  A ball python (D:3)
  3 bats (D:1)
  5 frilled lizards
  4 rats
82 creatures vanquished.

Vanquished Creatures (collateral kills)
  2 orcs (D:3)
  A jackal (D:2)
  2 kobolds (D:2)
  A frilled lizard (D:3)
  A goblin (D:3)
  A rat (D:3)
8 creatures vanquished.

Grand Total: 90 creatures vanquished

Notes
Turn   | Place    | Note
-------+----------+-------------------------------------------
     0 | D:1      | yoda5477 the Vampire Necromancer began the quest for the
                  | Orb.
     0 | D:1      | Reached XP level 1. HP: 13/13 MP: 3/3
   127 | D:1      | Reached XP level 2. HP: 18/19 MP: 1/5
   186 | D:1      | Learned a level 1 spell: Animate Skeleton
   981 | D:2      | Reached skill level 5 in Necromancy
  1026 | D:2      | Found a shimmering altar of Xom.
  1034 | D:2      | Reached XP level 3. HP: 24/24 MP: 3/6
  1337 | D:2      | Found a snail-covered altar of Cheibriados.
  1819 | D:3      | Reached XP level 4. HP: 30/30 MP: 8/8
  2085 | D:3      | Reached XP level 5. HP: 34/35 MP: 5/9
  2843 | D:5      | Entered Level 5 of the Dungeon
  2861 | D:4      | Learned a level 3 spell: Vampiric Draining
  3032 | D:4      | Reached skill level 1 in Short Blades
  3032 | D:4      | Reached skill level 6 in Necromancy
  3083 | D:4      | Noticed a phantom
  3292 | D:3      | Reached XP level 6. HP: 27/42 MP: 6/11
  3542 | D:6      | Found a staircase to the Ecumenical Temple.
  3550 | Temple   | Entered the Ecumenical Temple
  3696 | Temple   | Learned a level 4 spell: Animate Dead
  3700 | Temple   | Learned a level 3 spell: Regeneration
  3849 | D:4      | Found an iron altar of Okawaru.
  3900 | D:4      | HP: 2/42 [adder (2)]
  3905 | D:4      | Succumbed to an adder's poison

Levels and vault maps discovered:
D:1:      zaba_arrival_water, layout_loops_ring, minmay_cut_off
D:2:      layout_loops_ring, lemuel_crystal_altar, kennysheep_slug_shrine
D:3:      layout_rooms
D:4:      layout_basic, first_ration, okawaru_gym_becter
D:5:      layout_basic, lemuel_angel_altar, uniq_menkaure
D:6:      layout_basic, kiku_gazebo_pond_becter, minmay_temple_entry_large_hall
Temple:   regret_index_temple_sphere_string

Skill      XL: |  1  2  3  4  5 |
---------------+----------------+-----
Necromancy     | 5 6 |  6.1
Stealth        | 4 |  4.6
Spellcasting   | 3 |  3.8
Short Blades   | 1 |  1.2
Fighting       | |  0.5
Dodging        | |  2.7

Action                   |  1- 3 |  4- 6 || total
-------------------------+-------+-------++-------
Melee: Dagger            |    35 |    96 ||   131
       Bite              |     5 |     9 ||    14
       Short sword       |       |    11 ||    11
 Cast: Pain              |    45 |    53 ||    98
       Animate Skeleton  |    13 |    15 ||    28
       Vampiric Draining |       |     2 ||     2
  Use: Scroll            |       |     5 ||     5
 Stab: Sleeping          |     7 |     4 ||    11
       Distracted        |       |     1 ||     1
Armor: Robe              |     3 |    11 ||    14
Dodge: Dodged            |    29 |    80 ||   109

Table legend:
 A = Non-vault XP
 B = Vault XP
 C = Vault XP percentage of total XP
 D = Non-vault monster count
 E = Vault monster count
 F = Vault count percentage of total count
                 A         B        C        D         E       F
            +---------+---------+-------+---------+---------+-------
      Total |     446 |       5 |   1.1 |      87 |       3 |   3.3
            +---------+---------+-------+---------+---------+-------
        D:1 |      24 |       2 |   7.7 |      13 |       2 |  13.3
        D:2 |      62 |       3 |   4.6 |      23 |       1 |   4.2
        D:3 |     225 |       0 |   0.0 |      41 |       0 |   0.0
        D:4 |     135 |       0 |   0.0 |      10 |       0 |   0.0
            +---------+---------+-------+---------+---------+-------
